 Dungeon Crawl Stone Soup version 0.31-a0-692-gf03d1854d5 (webtiles) character file.

Game seed: 5757157642940857631

39 qw the Shooter (level 3, -8/24 HPs)
             Began as a Gargoyle Hunter on Sept 6, 2023.
             Mangled by a kobold
             ... wielding a +0 short sword of distortion
              (16 damage)
             ... on level 2 of the Dungeon.
             The game lasted 00:00:22 (1088 turns).

qw the Shooter (Gargoyle Hunter)                    Turns: 1088, Time: 00:00:22

Health: -8/24      AC:  7    Str: 14    XL:     3   Next: 45%
Magic:  3/3        EV: 12    Int:  9    God:
Gold:   48         SH:  0    Dex: 21    Spells: 2/2 levels left

rFire   . . .        Y - +0 shortbow
rCold   . . .        (shield currently unavailable)
rNeg    + . .        c - +0 leather armour
rPois   inf          (no helmet)
rElec   +            (no cloak)
rCorr   .            g - +0 pair of gloves
SInv    .            (no boots)
Will    .....        (no amulet)
Stlth   ++           f - +6 ring of dexterity
HPRegen 0.24/turn    (no ring)
MPRegen 0.08/turn

%: no passive effects
@: no status effects
A: sickness immunity, AC +3, negative energy resistance 1, electricity
resistance, torment resistance 1, petrification resistance, deterioration 1,
robust 1
a: no special abilities


You were on level 2 of the Dungeon.
You visited 1 branch of the dungeon, and saw 2 of its levels.

You collected 48 gold pieces.


Innate Abilities, Weirdness & Mutations

You are immune to sickness and miasma.
Your stone body is resilient. (AC +3)
You are immune to poison.
You resist negative energy. (rN+)
You are resistant to electric shocks. (rElec)
You are resistant to unholy torment.
You are immune to petrification.
Your body sometimes deteriorates upon taking damage.
You are robust. (+10% HP)


   Skills:
 + Level 2.6 Fighting
 - Level 5.0 Ranged Weapons
 - Level 1.5 Dodging
 - Level 1.1 Stealth


You had 2 spell levels left.
You didn't know any spells.
Your spell library was empty.

Inventory:

Hand Weapons
 Y - a +0 shortbow (weapon)
Armour
 c - a +0 leather armour (worn)
 g - a +0 pair of gloves (worn)
Jewellery
 f - a +6 ring of dexterity (left hand)
Scrolls
 a - a scroll of identify
 b - a scroll of revelation {unknown}
Potions
 d - a potion of curing {unknown}
 h - 2 potions of mutation
 j - a potion of might {unknown}

Dungeon Overview and Level Annotations

Branches:
Dungeon (2/15)

Altars:

Shops:
D:2 (


Message History

The frilled lizard hisses angrily.
You shoot an arrow. The arrow hits the frilled lizard.
The frilled lizard is heavily wounded.
You shoot an arrow. The arrow hits the frilled lizard.
You kill the frilled lizard!
There is an entrance to Silaniff's Antique Weapon Shoppe here.
Enter note:
d - a black potion You open the gate. 4 kobolds come into view.
The kobold shouts! x2; You hear a shout! x2
A kobold comes into view.
It is wielding a +0 short sword of distortion.
Found 14 gold pieces.
You shoot an arrow. The kobold shouts! x2
The arrow hits the kobold!
You kill the kobold!
A kobold comes into view. It is wielding a +0 club.
You shoot an arrow. The arrow closely misses the kobold.
The arrow hits the kobold.
You kill the kobold!
You shoot an arrow. The arrow barely misses the kobold.
The kobold throws a stone.
The stone hits you.
You shoot an arrow. The arrow hits the kobold.
You kill the kobold!
You shoot an arrow. The arrow hits the kobold.
The kobold is heavily wounded.
The kobold closely misses you.
You shoot an arrow. The arrow hits the kobold.
You kill the kobold!
The kobold hits you with a +0 club.
You shoot an arrow. The arrow closely misses the kobold.
The kobold misses you. The kobold hits you but does no damage.
Space warps horribly around you!
Ouch! That really hurt!
You shoot an arrow. The arrow barely misses the kobold.
The kobold barely misses you. The kobold hits you but does no damage.
Space warps horribly around you!
Ouch! That really hurt!
You die...

....##.....#......#
.#..##.....##.....#
.#..##.#..........#
%#..##.#.........## ####
.......##.###....# #....
##............##.##.....
##..:..... ....#.'......
# ##.# ##...K)..).. #
##...##...@K.....) #
###......\..)##..... ##
#............# $.. .#
#.#..........# # .#
#.##...##...## .#
#.###.# ##.##
.####.########.#
.##.......<....#
>........#######


You could see 2 kobolds.

Vanquished Creatures
  A worm (D:2)
  4 bats (D:1)
  3 endoplasms (D:1)
  A giant cockroach (D:1)
  5 goblins
  A hobgoblin (D:1)
  2 quokkas (D:1)
  4 ball pythons
  4 frilled lizards
  6 kobolds (D:2)
  2 rats
33 creatures vanquished.

Notes
Turn   | Place    | Note
-------+----------+-------------------------------------------
     0 | D:1      | qw the Gargoyle Hunter began the quest for the Orb.
     0 | D:1      | Reached XP level 1. HP: 12/12 MP: 1/1
     0 | D:1      | 0 ||| qw: Version: 0.3-a-76-g4403597
     0 | D:1      | 0 ||| qw: Game counter: 235
     0 | D:1      | 0 ||| qw: Melee chars always use a shield: true
     0 | D:1      | 0 ||| qw: God list: Okawaru
     0 | D:1      | 0 ||| qw: Allow faded altars: false
     0 | D:1      | 0 ||| qw: Do Orc after clearing Dungeon:15 true
     0 | D:1      | 0 ||| qw: Do second Lair branch before Depths: true
     0 | D:1      | 0 ||| qw: Lair rune preference: random
     0 | D:1      | 0 ||| qw: Goals: Normal
     0 | D:1      | 0 ||| PLANNING D:1-11
   286 | D:1      | Reached XP level 2. HP: 17/17 MP: 2/2
   617 | D:1      | Reached XP level 3. HP: 21/21 MP: 3/3
   778 | D:1      | 778 ||| UPGRADING to +0 pair of gloves.
   783 | D:1      | 783 ||| UPGRADING to +6 ring of dexterity.
   784 | D:1      | 784 ||| READING 2 scrolls labelled BUMINW MEEQUMI.
   785 | D:1      | 785 ||| READING scroll labelled HATWOE GEECO.
   786 | D:1      | 786 ||| READING scroll labelled JIOLOP EROKELO.
   887 | D:1      | 887 ||| DRINKING 3 emerald potions.
   887 | D:1      | Gained mutation: Your body sometimes deteriorates upon
                  | taking damage. [potion of mutation]
   887 | D:1      | Gained mutation: You are robust. (+10% HP) [potion of
                  | mutation]
   893 | D:1      | 893 ||| DROPPING scroll of butterflies.
   926 | D:2      | Reached skill level 5 in Ranged Weapons
  1006 | D:2      | Identified the +7 falchion of Igiy {heavy, rElec Stlth+}
  1066 | D:2      | Found Silaniff's Antique Weapon Shoppe.
  1088 | D:2      | Mangled by a kobold

Levels and vault maps discovered:
D:1:      dpeg_arrival_yet_another_circle, layout_basic, grunt_decor_resistance
D:2:      cheibrodos_fertilizer, layout_loops_ring, serial_shops, shop,
          minmay_rat_gold_closets

Skill      XL: |  1  2  3 |
---------------+----------+-----
Ranged Weapons | 5 |  5.0
Fighting       | |  2.6
Dodging        | |  1.5
Stealth        | |  1.1

Action                     || total
---------------------------++-------
   Fire: Shortbow          ||    75
    Use: Scroll            ||     3
         Potion            ||     1
 Armour: Leather armour    ||    14
  Dodge: Dodged            ||    17

Table legend:
 A = Non-vault XP
 B = Vault XP
 C = Vault XP percentage of total XP
 D = Non-vault monster count
 E = Vault monster count
 F = Vault count percentage of total count
                 A         B        C        D         E       F
            +---------+---------+-------+---------+---------+-------
      Total |      49 |       7 |  12.5 |      29 |       4 |  12.1
            +---------+---------+-------+---------+---------+-------
        D:1 |      37 |       0 |   0.0 |      22 |       0 |   0.0
        D:2 |      12 |       7 |  36.8 |       7 |       4 |  36.4
            +---------+---------+-------+---------+---------+-------
